 Dungeon Crawl Stone Soup version 0.29.1-4-g47bece8355 (webtiles) character file.

Game seed: 8096483223779537210

77 GorkyZ the Shield-Bearer (level 4, -5/29 HPs)
             Began as a Gargoyle Fighter on Dec 3, 2022.
             Slain by Sigmund
             ... wielding a +0 scythe
              (6 damage)
             ... on level 3 of the Dungeon.
             The game lasted 00:03:56 (2344 turns).

GorkyZ the Shield-Bearer (Gargoyle Fighter)         Turns: 2344, Time: 00:03:57

Health: -5/29      AC: 10    Str: 22    XL:     4   Next: 33%
Magic:  4/4        EV:  9    Int:  8    God:
Gold:   91         SH:  0    Dex:  9    Spells: 3/3 levels left

rFire   . . .      SeeInvis .   a - +0 flail
rCold   . . .      Faith    .   c - +0 buckler
rNeg    + . .      Spirit   .   b - +0 scale mail
rPois   ∞          Reflect  .   (no helmet)
rElec   +          Harm     .   (no cloak)
rCorr   .          Rampage  .   (no gloves)
Will    .....                   (no boots)
Stlth   ..........              (no amulet)
HPRegen 0.09/turn               (no ring)
MPRegen 0.09/turn               (no ring)

@: confused
A: sickness immunity, AC +3, negative energy resistance 1, electricity
resistance, torment resistance 1, petrification resistance
a: no special abilities


You were on level 3 of the Dungeon.
You visited 1 branch of the dungeon, and saw 3 of its levels.

You collected 91 gold pieces.

Inventory:

Hand Weapons
 a - a +0 flail (weapon)
Missiles
 g - 3 poisoned darts (quivered)
Armour
 b - a +0 scale mail (worn)
 c - a +0 buckler (worn)
 j - an orb of guile
Wands
 l - a wand of acid (2)
Scrolls
 f - a scroll of amnesia {unknown}
 m - 2 scrolls of teleportation {unknown}
 n - a scroll of identify {unknown}
 o - 2 scrolls of butterflies {unknown}
 q - 2 scrolls of fear {unknown}
 r - a scroll of silence {unknown}
Potions
 d - 2 potions of might
 e - 2 potions of haste {unknown}
 h - a potion of attraction {unknown}
 i - a potion of heal wounds {unknown}
 k - 2 potions of berserk rage {unknown}
 p - a potion of brilliance {unknown}


   Skills:
 + Level 3.8 Fighting
 + Level 2.5 Maces & Flails
 + Level 0.5 Throwing
 + Level 3.8 Armour
 + Level 0.6 Dodging
 + Level 3.8 Shields
 + Level 0.4 Evocations


You had 3 spell levels left.
You didn't know any spells.
Your spell library was empty.

Dungeon Overview and Level Annotations

Branches:
Dungeon (3/15)

Altars:

Annotations:
D:3 Sigmund


Innate Abilities, Weirdness & Mutations

You are immune to sickness and miasma.
Your stone body is resilient. (AC +3)
You are immune to poison.
You resist negative energy. (rN+)
You are resistant to electric shocks. (rElec)
You are resistant to unholy torment.
You are immune to petrification.


Message History

No target in view!
No target in view!
No target in view!
No target in view!
No target in view!
No target in view!
No target in view!
No target in view!
No target in view!
Something hits you but does no damage.
You see here a +0 club.
Something hits you!
You miss something. You block something's attack.
You miss something. You barely miss something.
Something hits you but does no damage.
You closely miss something. Something hits you.
You miss something. Something hits you.
* * * LOW HITPOINT WARNING * * *
You closely miss something.
Sigmund appears from thin air!
Reactivating autopickup.
You block Sigmund's attack.
You barely miss Sigmund. Sigmund barely misses you.
You closely miss Sigmund. Sigmund hits you with a +0 scythe.
* * * LOW HITPOINT WARNING * * *
You sock Sigmund!
Sigmund is moderately wounded.
Sigmund casts a spell at you.
You are confused.
Sigmund gestures at you while chanting.
You are more confused.
Sigmund closely misses you.
There is an escape hatch in the ceiling here.
Sigmund hits you with a +0 scythe.
* * * LOW HITPOINT WARNING * * *
There is an escape hatch in the ceiling here.
Sigmund attacks as you move away! Sigmund hits you but does no damage.
Sigmund casts a spell at you. You resist with some effort.
Sigmund hits you from afar with a +0 scythe.
You die...

...........#
........)..#
...........#
.........<.#
..........##
...#....)#####
.# ####>$...$#
..####.@...#
#......<.@.#
######.....#
#######


You could see Sigmund.

Vanquished Creatures
  3 worms (D:2)
  3 dart slugs
  6 ball pythons
  4 endoplasms
  2 giant cockroaches (D:2)
  5 goblins
  6 hobgoblins
  5 jackals
  A quokka (D:2)
  7 bats
  2 frilled lizards
  7 kobolds
  7 rats
58 creatures vanquished.

Notes
Turn   | Place    | Note
-------+----------+-------------------------------------------
     0 | D:1      | GorkyZ the Gargoyle Fighter began the quest for the Orb.
     0 | D:1      | Reached XP level 1. HP: 14/14 MP: 1/1
   105 | D:1      | Reached XP level 2. HP: 19/19 MP: 2/2
   474 | D:1      | Reached XP level 3. HP: 23/23 MP: 3/3
  1627 | D:2      | Reached XP level 4. HP: 27/29 MP: 4/4
  2167 | D:2      | Found a faded altar of an unknown god.
  2311 | D:3      | Noticed Sigmund
  2341 | D:3      | HP: 1/29 [Sigmund/+0 scythe (4)]
  2344 | D:3      | Slain by Sigmund

Illustrated notes

Levels and vault maps discovered:
D:1:      minmay_arrival_five_plusses, layout_basic, minivault_27
D:2:      layout_basic, shapermc_ecumenical_altar_petra
D:3:      layout_rooms, mainiacjoe_overflow_chevrons, minmay_shallow_snake_nest,
          uniq_crazy_yiuf_cottage, uniq_sigmund, uniq_natasha

Action                   |  1- 3 |  4- 6 || total
-------------------------+-------+-------++-------
Melee: Flail             |   159 |    41 ||   200
Armor: Scale mail        |   102 |    19 ||   121
Dodge: Dodged            |    94 |    18 ||   112
Block: Buckler           |    46 |    11 ||    57
